 Dungeon Crawl Stone Soup version 0.30-a0-2-gf48d83f5e2 (webtiles) character file.

Game seed: 12761816415011239007

114 KleinerIrrer the Gusty (level 4, 0/24 HPs)
             Began as a Tengu Air Elementalist on Aug 19, 2022.
             Killed by their own static electricity (2 damage)
             ... on level 3 of the Dungeon.
             The game lasted 00:05:20 (2503 turns).

KleinerIrrer the Gusty (Tengu Air Elementalist)     Turns: 2503, Time: 00:05:21

Health: 0/24       AC:  2    Str:  9    XL:     4   Next: 98%
Magic:  13/18      EV: 12    Int: 17    God:
Gold:   136        SH:  0    Dex: 14    Spells: 5/8 levels left

rFire   . . .      SeeInvis .    j - +0 quarterstaff
rCold   . . .      Faith    .    (shield currently unavailable)
rNeg    . . .      Spirit   .    a - +0 robe
rPois   .          Reflect  .    (helmet restricted)
rElec   .          Harm     .    (no cloak)
rCorr   .          Rampage  .    (no gloves)
Will    .....                    (boots unavailable)
Stlth   ++........               (no amulet)
HPRegen 0.08/turn                d - ring of magical power
MPRegen 0.16/turn                (no ring)

@: no status effects
A: beak, talons 3
a: no special abilities


You were on level 3 of the Dungeon.
You visited 1 branch of the dungeon, and saw 3 of its levels.

You collected 136 gold pieces.

Inventory:

Hand Weapons
 j - a +0 quarterstaff (weapon)
Missiles
 m - 2 poisoned darts
Armour
 a - a +0 robe (worn)
Jewellery
 d - a ring of magical power (left hand)
 q - an amulet of magic regeneration
Scrolls
 e - 3 scrolls of identify {unknown}
 h - a scroll of poison {unknown}
 i - 2 scrolls of teleportation {unknown}
 k - a scroll of blinking {unknown}
 l - a scroll of vulnerability {unknown}
 p - a scroll of torment {unknown}
Potions
 b - a potion of magic
 c - a potion of might {unknown}
 f - a potion of haste {unknown}
 g - a potion of invisibility {unknown}
 n - 2 potions of degeneration {unknown}
 o - 3 potions of curing {unknown}
 r - a potion of lignification {unknown}


   Skills:
 - Level 2.1 Dodging
 - Level 2.0 Stealth
 - Level 2.7 Spellcasting
 - Level 3.0 Conjurations
 + Level 6.0 Air Magic


You had 5 spell levels left.
You knew the following spells:

 Your Spells              Type           Power      Damage    Failure   Level
a - Shock                 Conj/Air       68%        1d7       2%          1
b - Static Discharge      Conj/Air       17%        3-6/arc   4%          2

Your spell library contained the following spells:

 Spells                   Type           Power      Damage    Failure   Level
 Swiftness                Air            23%        N/A       4%          3
 Airstrike                Air            11%        2d(2-18)  14%         4


Dungeon Overview and Level Annotations

Branches:
Dungeon (3/15)

Altars:


Innate Abilities, Weirdness & Mutations

You have a beak for a mouth.
You have claws for feet.


Message History

Ouch! That really hurt!
The orc priest begins to cast a cantrip, but forgets the words!
Okay, then.
Casting: Shock (safe; 3% risk of failure)
Confirm with . or Enter, or press ? or * to list all spells.
Aiming: Shock (safe; 3% risk of failure)
Press: ? - help, Shift-Dir - straight line, f - orc priest
Aim: an orc priest, wielding a +0 short sword (moderately wounded, 71% to hit)
The zap hits the orc!
You kill the orc!
The zap hits the orc priest!
The orc priest is almost dead.
The zap hits the orc priest.
You kill the orc priest!
Your Air Magic skill increases to level 6!
Casting: Shock (safe; 2% risk of failure)
Confirm with . or Enter, or press ? or * to list all spells.
Aiming: Shock (safe; 2% risk of failure)
Press: ? - help, Shift-Dir - straight line, f - orc priest
Aim: an orc priest, wielding a +0 whip (71% to hit)
The zap misses the orc.
The zap hits the orc priest.
The orc priest is lightly wounded.
Unknown command.
Casting: Shock (safe; 2% risk of failure)
Confirm with . or Enter, or press ? or * to list all spells.
Aiming: Shock (safe; 2% risk of failure)
Press: ? - help, Shift-Dir - straight line, f/p - orc priest
Aim: an orc priest, wielding a +0 whip (lightly wounded, 71% to hit)
The zap hits the orc.
The orc is moderately wounded.
The zap hits the orc priest.
The orc priest is moderately wounded.
The orc hits you with a +0 flail!
* * * LOW HITPOINT WARNING * * *
Casting: Shock (safe; 2% risk of failure)
Confirm with . or Enter, or press ? or * to list all spells.
The orc is struck by an arc of lightning.
You kill the orc!
You are struck by an arc of lightning.
You die...

#####o#### ##..
#..).o..o. ....
#.)# .... #..#
.... #.o# ....
#..# .. #.## #)#
### # #@# ..# ##..
#.# #.# .... #.#
#.# ###.# #.#
#.##.###.#.#
#.#####.##.##....#
#...))..##.......#
#.#####>#...#....#
#.# #...........
#.#####.##.##....#


You could see an orc priest.

Vanquished Creatures
  An orc priest (D:3)
  3 adders
  2 dart slugs
  5 orcs (D:3)
  4 bats
  4 endoplasms
  5 giant cockroaches
  4 goblins
  3 hobgoblins
  2 quokkas
  5 ball pythons
  2 frilled lizards
  3 kobolds
  7 rats
50 creatures vanquished.

Notes
Turn   | Place    | Note
-------+----------+-------------------------------------------
     0 | D:1      | KleinerIrrer the Tengu Air Elementalist began the quest for
                  | the Orb.
     0 | D:1      | Reached XP level 1. HP: 10/10 MP: 4/4
   160 | D:1      | Reached XP level 2. HP: 9/15 MP: 1/6
   608 | D:1      | Found a faded altar of an unknown god.
   692 | D:1      | Reached XP level 3. HP: 19/19 MP: 5/7
  1446 | D:2      | Learned a level 2 spell: Static Discharge
  1656 | D:2      | Reached XP level 4. HP: 23/24 MP: 9/9
  1976 | D:3      | Reached skill level 5 in Air Magic
  2499 | D:3      | Reached skill level 6 in Air Magic
  2503 | D:3      | Killed from afar by themself

Illustrated notes

Levels and vault maps discovered:
D:1:      zaba_arrival_water, layout_basic, nicolae_ecumenical_snake_handling
D:2:      layout_loops_cross
D:3:      layout_loops_ring, amcnicky_mini_rare_corridor_liquid

Skill      XL: |  1  2  3  4 |
---------------+-------------+-----
Conjurations   | 2 3 |  3.0
Air Magic      | 6 |  6.0
Dodging        | |  2.1
Stealth        | |  2.0
Spellcasting   | |  2.7

Action                   |  1- 3 |  4- 6 || total
-------------------------+-------+-------++-------
Melee: Unarmed           |     3 |       ||     3
       Peck              |     3 |       ||     3
       Club              |    11 |       ||    11
       Quarterstaff      |     1 |     2 ||     3
       Kick              |       |     1 ||     1
 Cast: Shock             |    60 |    21 ||    81
       Static Discharge  |     3 |     3 ||     6
 Stab: Sleeping          |     1 |       ||     1
Armor: Robe              |     6 |     1 ||     7
Dodge: Dodged            |    23 |     2 ||    25

Table legend: (Time is in decaauts)
 A = Elapsed time spent in this place.
 B = Non-inter-level travel time spent in this place.
 C = Inter-level travel time spent in this place.
 D = Time resting spent in this place.
 E = Time spent auto-exploring this place.
 F = Levels seen in this place.
 G = Mean time per level.
                   A        B        C        D        E       F      G
               +--------+--------+--------+--------+--------+-----+--------+
         Total |   2511 |   2461 |     50 |      0 |   2215 |   3 |  837.0 |
       Dungeon |   2511 |   2461 |     50 |      0 |   2215 |   3 |  837.0 |
               +--------+--------+--------+--------+--------+-----+--------+

Top non-repeatable levels by time:
     D:1: 1075 daAuts
     D:2: 837 daAuts
     D:3: 598 daAuts
